[Event "EYTCC U12 Open 2019"]
[Site "Pardubice"]
[Date "2019.07.16"]
[Round "6.4"]
[White "Janous, Marek"]
[Black "Klimkowski, Jan"]
[Result "0-1"]
[ECO "B52"]
[WhiteElo "1717"]
[BlackElo "1985"]
[Annotator "NA"]
[PlyCount "110"]
[EventDate "2019.07.11"]
[EventType "swiss"]
[EventCountry "CZE"]
[SourceTitle "playchess.com"]
[Source "ChessBase"]
[SourceQuality "1"]
[WhiteTeam "Czech Republic"]
[BlackTeam "Poland"]
[WhiteTeamCountry "CZE"]
[BlackTeamCountry "POL"]
[TimeControl "40/5400+30:1800+30"]

1. e4 c5 2. Nf3 d6 3. Bb5+ Bd7 4. c4 Nc6 5. d4 cxd4 6. Nxd4 g6 7. Nc3 Bg7 8. Bxc6 bxc6 9. O-O Nf6 10. h3 O-O 11. Re1 e5 12. Nf3 Be6 13. b3 Qc7 14. Qc2 Rac8 15. Ba3 Rfd8 16. Rad1 Nh5 17. Qd2 Bf8 18. Qe3 Nf4 19. c5 dxc5 20. Bxc5 Bh6 21. Kh2 Kg7 22. Bxa7 Nxg2 23. Qc5 Nxe1 24. Rxe1 Rd3 25. Bb6 Rxc3 26. Qa5 Qb8 27. Ba7 Bf4+ 28. Kg1 Qb7 29. Be3 Rxe3 30. fxe3 Bg3 31. Rd1 Qe7 32. Kg2 Bh4 33. Qxe5+ Bf6 34. Qg3 Rd8 35. Rc1 Qa7 36. Rf1 Qxe3 37. e5 Be7 38. Re1 Qc3 39. Kh2 Rd3 40. Rf1 Bd5 41. Kg2 Rd2+ 42. Rf2 Bc5 43. Rxd2 Qxd2+ 44. Kf1 Qd1+ 45. Ne1 Qh5 46. a4 Bd4 47. Nd3 Qd1+ 48. Ne1 Qxb3 49. Qxb3 Bxb3 50. Nf3 Bc3 51. Ke2 Bxa4 52. Kd3 Bd1 53. Ng5 Bxe5 54. Ne4 Bf3 55. Nd2 Bd5 {Kd4} 0-1

[Event "EYTCC U12 Open 2019"]
[Site "Pardubice"]
[Date "2019.07.16"]
[Round "6.5"]
[White "Cohen, Elad"]
[Black "Tran, David"]
[Result "1/2-1/2"]
[ECO "C78"]
[WhiteElo "2002"]
[BlackElo "2112"]
[Annotator "NA"]
[PlyCount "66"]
[EventDate "2019.07.11"]
[EventType "swiss"]
[EventCountry "CZE"]
[SourceTitle "playchess.com"]
[Source "ChessBase"]
[SourceQuality "1"]
[WhiteTeam "Israel"]
[BlackTeam "Hungary"]
[WhiteTeamCountry "ISR"]
[BlackTeamCountry "HUN"]
[TimeControl "40/5400+30:1800+30"]

1. e4 e5 2. Nf3 Nc6 3. Bb5 a6 4. Ba4 Nf6 5. O-O b5 6. Bb3 Be7 7. d4 d6 8. dxe5 Nxe5 9. Nxe5 dxe5 10. Qxd8+ Bxd8 11. a4 Bb7 12. axb5 axb5 13. Rxa8 Bxa8 14. f3 Be7 15. Be3 O-O 16. Nc3 c6 17. Ra1 Bb7 18. Ra7 Rb8 19. Kf1 Nd7 20. Ke2 Bc5 21. Bxc5 Nxc5 22. Na2 Ra8 23. Rxa8+ Bxa8 24. Nb4 Kf8 25. Ba2 Ke7 26. c4 Ne6 27. cxb5 cxb5 28. Bxe6 Kxe6 29. Na6 Kd6 30. b4 g6 31. Nc5 f5 32. g4 fxe4 33. fxe4 g5 1/2-1/2

[Event "EYTCC U12 Open 2019"]
[Site "Pardubice"]
[Date "2019.07.16"]
[Round "6.6"]
[White "Konyves, Almos"]
[Black "Vagman, Roy"]
[Result "1-0"]
[ECO "A36"]
[WhiteElo "2104"]
[BlackElo "1941"]
[Annotator "NA"]
[PlyCount "119"]
[EventDate "2019.07.11"]
[EventType "swiss"]
[EventCountry "CZE"]
[SourceTitle "playchess.com"]
[Source "ChessBase"]
[SourceQuality "1"]
[WhiteTeam "Hungary"]
[BlackTeam "Israel"]
[WhiteTeamCountry "HUN"]
[BlackTeamCountry "ISR"]
[TimeControl "40/5400+30:1800+30"]

1. c4 g6 2. Nc3 c5 3. g3 Bg7 4. Bg2 Nc6 5. d3 d6 6. e4 e5 7. Nge2 Nge7 8. O-O O-O 9. f4 Rb8 10. Be3 Nd4 11. Qd2 Be6 12. h3 Qd7 13. g4 f5 14. gxf5 gxf5 15. Kh2 fxe4 16. Nxe4 Kh8 17. N2g3 Nef5 18. Bxd4 exd4 19. Nxf5 Bxf5 20. Ng3 Bh6 21. Qe2 Rbe8 22. Qh5 Kg7 23. Be4 Bg6 24. Qh4 Qe7 25. Qxe7+ Rxe7 26. f5 Be8 27. f6+ Rxf6 28. Nf5+ Rxf5 29. Rxf5 Be3 30. Rf3 a6 31. Raf1 Bg6 32. Rg3 b5 33. b3 Re6 34. Bxg6 hxg6 35. Rgf3 Re7 36. Kg2 bxc4 37. bxc4 Bg5 38. Kg3 Bd2 39. Kg4 a5 40. h4 a4 41. h5 d5 42. hxg6 Kxg6 43. cxd5 Rd7 44. Rf6+ Kg7 45. d6 c4 46. Re6 Bb4 47. Re7+ Rxe7 48. dxe7 Bxe7 49. dxc4 Bb4 50. Rd1 Bc3 51. Kf5 Kf7 52. Rd3 Ke7 53. Ke5 a3 54. Rxd4 Bxd4+ 55. Kxd4 Ke6 56. Kc5 Ke5 57. Kb4 Kd4 58. c5 Kd5 59. Kb5 Kd4 60. c6 1-0

[Event "EYTCC U12 Open 2019"]
[Site "Pardubice"]
[Date "2019.07.16"]
[Round "6.7"]
[White "Uritsky, Yonathan"]
[Black "Gaal, Zsoka"]
[Result "1-0"]
[ECO "B47"]
[WhiteElo "2040"]
[BlackElo "2047"]
[Annotator "NA"]
[PlyCount "79"]
[EventDate "2019.07.11"]
[EventType "swiss"]
[EventCountry "CZE"]
[SourceTitle "playchess.com"]
[Source "ChessBase"]
[SourceQuality "1"]
[WhiteTeam "Israel"]
[BlackTeam "Hungary"]
[WhiteTeamCountry "ISR"]
[BlackTeamCountry "HUN"]
[TimeControl "40/5400+30:1800+30"]

1. e4 c5 2. Nf3 e6 3. d4 cxd4 4. Nxd4 Nc6 5. Nc3 Qc7 6. g3 a6 7. Bg2 Nf6 8. O-O d6 9. Re1 Nd7 10. Nxc6 bxc6 11. Na4 Be7 12. c4 O-O 13. b3 Bf6 14. Bb2 Bxb2 15. Nxb2 e5 16. Qd2 Nc5 17. Rad1 Rd8 18. Nd3 Ne6 19. Qc3 Nd4 20. c5 Bg4 21. Rd2 Qe7 22. h3 Bf3 23. Re3 Bxg2 24. Kxg2 Nb5 25. Qb2 dxc5 26. Rc2 Rd4 27. Nxc5 Nd6 28. Rd3 Nb5 29. Rxd4 exd4 30. Rc4 Rd8 31. Qe2 g6 32. Qd3 Qa7 33. b4 Re8 34. a4 Nc7 35. Rxd4 a5 36. Rd7 axb4 37. Qd6 Rc8 38. Qf6 Rf8 39. Ne6 Ne8 40. Qe7 1-0

[Event "EYTCC U12 Open 2019"]
[Site "Pardubice"]
[Date "2019.07.16"]
[Round "6.8"]
[White "Giang, Tran Nam"]
[Black "Tsirilman, Guy"]
[Result "1-0"]
[ECO "B90"]
[WhiteElo "1931"]
[BlackElo "1792"]
[Annotator "NA"]
[PlyCount "91"]
[EventDate "2019.07.11"]
[EventType "swiss"]
[EventCountry "CZE"]
[SourceTitle "playchess.com"]
[Source "ChessBase"]
[SourceQuality "1"]
[WhiteTeam "Hungary"]
[BlackTeam "Israel"]
[WhiteTeamCountry "HUN"]
[BlackTeamCountry "ISR"]
[TimeControl "40/5400+30:1800+30"]

1. e4 c5 2. Nf3 d6 3. d4 cxd4 4. Nxd4 Nf6 5. Nc3 a6 6. h3 e6 7. g4 d5 8. exd5 Nxd5 9. Bg2 Nc6 10. Nxd5 exd5 11. Be3 Bd6 12. Qe2 O-O 13. O-O-O Be6 14. Kb1 Qc7 15. Nf5 d4 16. Nxd4 Nxd4 17. Bxd4 Rfe8 18. Qf3 Rac8 19. Qc3 Qb8 20. Qd3 Bc4 21. Qf5 Bf4 22. Be4 g6 23. Qf6 Be5 24. Bxe5 Rxe5 25. Bxb7 Re6 26. Qf3 Be2 27. Qb3 Bc4 28. Qf3 Be2 29. Qd5 Rce8 30. Rd2 Re5 31. Qg2 Rb5 32. Rd7 Rxb2+ 33. Kxb2 Qe5+ 34. Kc1 Qf4+ 35. Rd2 Qb4 36. Qc6 Qa3+ 37. Kb1 Qb4+ 38. Ka1 Bb5 39. Qd6 Qc3+ 40. Kb1 Re6 41. Qd8+ Re8 42. Qd4 Qc7 43. Bd5 Rb8 44. Bb3 a5 45. a4 Qc6 46. Qd5 1-0

[Event "EYTCC U12 Open 2019"]
[Site "Pardubice"]
[Date "2019.07.16"]
[Round "6.9"]
[White "Tarhan, Adar"]
[Black "Maurizzi, Marc Andria"]
[Result "0-1"]
[ECO "B68"]
[WhiteElo "1972"]
[BlackElo "2412"]
[Annotator "NA"]
[PlyCount "66"]
[EventDate "2019.07.11"]
[EventType "swiss"]
[EventCountry "CZE"]
[SourceTitle "playchess.com"]
[Source "ChessBase"]
[SourceQuality "1"]
[WhiteTeam "Turkey"]
[BlackTeam "France"]
[WhiteTeamCountry "TUR"]
[BlackTeamCountry "FRA"]
[TimeControl "40/5400+30:1800+30"]

1. e4 c5 2. Nf3 d6 3. d4 cxd4 4. Nxd4 Nf6 5. Nc3 Nc6 6. Bg5 e6 7. Qd2 a6 8. O-O-O Bd7 9. f4 Be7 10. Nf3 b5 11. e5 b4 12. exf6 bxc3 13. Qxc3 gxf6 14. Bh4 a5 15. Kb1 Rb8 16. Bd3 Nb4 17. Rhe1 Nd5 18. Qd2 Qb6 19. b3 Qb4 20. Kb2 Qxd2 21. Rxd2 Nxf4 22. Bf1 e5 23. Bg3 Ne6 24. Bc4 Nc7 25. Rd3 Be6 26. Nd2 d5 27. Rc3 dxc4 28. Nxc4 Bb4 29. Nd6+ Bxd6 30. Rd1 Nb5 31. Rc6 Kd7 32. Ra6 Ra8 33. Rb6 Rhb8 0-1

[Event "EYTCC U12 Open 2019"]
[Site "Pardubice"]
[Date "2019.07.16"]
[Round "6.10"]
[White "Makkar, Rajat"]
[Black "Celik, Hasan Huseyin"]
[Result "0-1"]
[ECO "E62"]
[WhiteElo "2064"]
[BlackElo "1903"]
[Annotator "NA"]
[PlyCount "100"]
[EventDate "2019.07.11"]
[EventType "swiss"]
[EventCountry "CZE"]
[SourceTitle "playchess.com"]
[Source "ChessBase"]
[SourceQuality "1"]
[WhiteTeam "France"]
[BlackTeam "Turkey"]
[WhiteTeamCountry "FRA"]
[BlackTeamCountry "TUR"]
[TimeControl "40/5400+30:1800+30"]

1. d4 Nf6 2. c4 g6 3. g3 Bg7 4. Bg2 O-O 5. Nc3 d6 6. Nf3 c6 7. O-O Qa5 8. e4 e5 9. d5 cxd5 10. cxd5 b5 11. Nd2 Bd7 12. Nb3 Qc7 13. Be3 Ng4 14. Nxb5 Bxb5 15. Qxg4 Bxf1 16. Bxf1 f5 17. exf5 gxf5 18. Qb4 Qe7 19. f4 Nd7 20. Rc1 Rab8 21. Qd2 exf4 22. Bxf4 Ne5 23. Bg2 Rfc8 24. Re1 Qb7 25. Bxe5 dxe5 26. Qg5 Qb6+ 27. Kh1 Qg6 28. Qe7 Qf7 29. Qxf7+ Kxf7 30. Rf1 Kg6 31. Bh3 Rf8 32. d6 e4 33. Nc5 Rf7 34. Ne6 Rb5 35. g4 fxg4 36. Rxf7 Kxf7 37. d7 Bf6 38. Bxg4 Rd5 39. b4 e3 40. Nc5 Rd4 41. Bh5+ Ke7 42. Kg2 Rxb4 43. Kf3 Rb5 44. d8=Q+ Kxd8 45. Ne6+ Ke7 46. Bg4 h5 47. Bh3 e2 48. Kxe2 Re5+ 49. Kd3 Rxe6 50. Bxe6 Kxe6 0-1

[Event "EYTCC U12 Open 2019"]
[Site "Pardubice"]
[Date "2019.07.16"]
[Round "6.11"]
[White "Portakalci, Yusuf"]
[Black "Mekhane, Adam"]
[Result "1/2-1/2"]
[ECO "D71"]
[WhiteElo "1764"]
[BlackElo "2040"]
[Annotator "NA"]
[PlyCount "90"]
[EventDate "2019.07.11"]
[EventType "swiss"]
[EventCountry "CZE"]
[SourceTitle "playchess.com"]
[Source "ChessBase"]
[SourceQuality "1"]
[WhiteTeam "Turkey"]
[BlackTeam "France"]
[WhiteTeamCountry "TUR"]
[BlackTeamCountry "FRA"]
[TimeControl "40/5400+30:1800+30"]

1. d4 Nf6 2. c4 g6 3. g3 Bg7 4. Bg2 O-O 5. Nc3 c5 6. d5 d6 7. Nf3 e6 8. O-O exd5 9. cxd5 Re8 10. Re1 a6 11. a4 Nbd7 12. e4 Ne5 13. Nxe5 Rxe5 14. Qc2 Re8 15. h3 Rb8 16. a5 b5 17. axb6 Qxb6 18. Ra3 Nd7 19. Na4 Qb7 20. Re2 Nb6 21. Rb3 Qc7 22. Nxb6 Rxb6 23. Rxb6 Qxb6 24. f4 Bd7 25. Be3 Qc7 26. Bf2 h5 27. Qc1 a5 28. Kh2 Bb5 29. Re1 a4 30. f5 Qe7 31. Be3 Qe5 32. Bf4 Qxb2 33. fxg6 fxg6 34. Bxd6 a3 35. Qxc5 a2 36. Bf4 Qb1 37. Rxb1 axb1=Q 38. d6 Qb2 39. e5 Bf1 40. Qd5+ Kh7 41. d7 Rd8 42. e6 Qe2 43. Bg5 Bxg2 44. Qxg2 Qxe6 45. Bxd8 Qxd7 1/2-1/2

[Event "EYTCC U12 Open 2019"]
[Site "Pardubice"]
[Date "2019.07.16"]
[Round "6.12"]
[White "Bat, Bilguun"]
[Black "Durak, Can"]
[Result "1-0"]
[ECO "D05"]
[WhiteElo "2093"]
[BlackElo "1753"]
[Annotator "NA"]
[PlyCount "37"]
[EventDate "2019.07.11"]
[EventType "swiss"]
[EventCountry "CZE"]
[SourceTitle "playchess.com"]
[Source "ChessBase"]
[SourceQuality "1"]
[WhiteTeam "France"]
[BlackTeam "Turkey"]
[WhiteTeamCountry "FRA"]
[BlackTeamCountry "TUR"]
[TimeControl "40/5400+30:1800+30"]

1. d4 d5 2. Nf3 Nf6 3. e3 e6 4. Bd3 Bd6 5. O-O c5 6. b3 O-O 7. Bb2 Nc6 8. Ne5 cxd4 9. exd4 Qc7 10. f4 Nb4 11. Nc3 Nxd3 12. Qxd3 a6 13. Rf3 b5 14. Rh3 Bb7 15. Ng4 Ne4 16. Nxe4 dxe4 17. Nf6+ gxf6 18. Qg3+ Kh8 19. Qh4 1-0

[Event "EYTCC U12 Open 2019"]
[Site "Pardubice"]
[Date "2019.07.16"]
[Round "6.13"]
[White "Day, Tobias"]
[Black "Bakiev, Diyor"]
[Result "0-1"]
[ECO "C54"]
[WhiteElo "1826"]
[BlackElo "2121"]
[Annotator "ChessBase"]
[PlyCount "124"]
[EventDate "2019.07.11"]
[EventType "swiss"]
[EventCountry "CZE"]
[SourceTitle "playchess.com"]
[Source "ChessBase"]
[SourceQuality "1"]
[WhiteTeam "Czech Republic"]
[BlackTeam "Germany"]
[WhiteTeamCountry "CZE"]
[BlackTeamCountry "GER"]
[TimeControl "40/5400+30:1800+30"]

1. e4 e5 2. Nf3 Nc6 3. Bc4 Bc5 4. c3 Nf6 5. d3 d6 6. Nbd2 a6 7. Bb3 O-O 8. O-O Ba7 9. h3 h6 10. Re1 Be6 11. Bc2 Ne7 12. Nf1 Ng6 13. Be3 Re8 14. d4 Nh7 15. Qd2 c6 16. Rad1 Qc7 17. Ng3 Rad8 18. d5 Bxe3 19. Qxe3 Bc8 20. c4 Nf4 21. Rc1 c5 22. Ba4 Rf8 23. Nh4 Qe7 24. Nhf5 Bxf5 25. Nxf5 Qg5 26. Ng3 h5 27. Qf3 h4 28. Ne2 Nh5 29. Bc2 g6 30. Qg4 Qe7 31. f4 Ng7 32. f5 gxf5 33. exf5 Qg5 34. Qxg5 Nxg5 35. Nc3 Nh5 36. Ne4 Nxe4 37. Rxe4 Nf4 38. Bd1 Kh7 39. Rc3 Rg8 40. Bg4 Rb8 41. a4 b5 42. axb5 axb5 43. b3 bxc4 44. Rexc4 Rb6 45. f6 Kg6 46. g3 hxg3 47. Rxg3 Kxf6 48. Kf2 Rgb8 49. Rcc3 Nxd5 50. Rcf3+ Nf4 51. h4 d5 52. h5 d4 53. h6 Ke7 54. h7 Ng6 55. Rh3 e4 56. Rf5 Rf6 57. Ke1 Rxf5 58. Bxf5 Rh8 59. Bxe4 Kf6 60. Rh5 Kg7 61. Rxc5 Re8 62. h8=Q+ Kxh8 0-1

[Event "EYTCC U12 Open 2019"]
[Site "Pardubice"]
[Date "2019.07.16"]
[Round "6.14"]
[White "Costa, Leonardo"]
[Black "Winter, Ondrej"]
[Result "1-0"]
[ECO "B38"]
[WhiteElo "2002"]
[BlackElo "1725"]
[Annotator "NA"]
[PlyCount "77"]
[EventDate "2019.07.11"]
[EventType "swiss"]
[EventCountry "CZE"]
[SourceTitle "playchess.com"]
[Source "ChessBase"]
[SourceQuality "1"]
[WhiteTeam "Germany"]
[BlackTeam "Czech Republic"]
[WhiteTeamCountry "GER"]
[BlackTeamCountry "CZE"]
[TimeControl "40/5400+30:1800+30"]

1. e4 c5 2. Nf3 Nc6 3. d4 cxd4 4. Nxd4 g6 5. c4 Bg7 6. Be3 Nf6 7. Nc3 d6 8. Be2 O-O 9. O-O Nxd4 10. Bxd4 Bd7 11. f3 a5 12. a3 a4 13. c5 dxc5 14. Bxc5 Re8 15. e5 Nh5 16. f4 Qc7 17. Bd4 f6 18. Bxh5 gxh5 19. Qxh5 Ra5 20. Rae1 Rd8 21. Qe2 fxe5 22. Bxe5 Bxe5 23. fxe5 Qb6+ 24. Kh1 Qg6 25. Rf4 Be6 26. Rxa4 Rxa4 27. Nxa4 Rd4 28. Nc3 Rh4 29. Qf2 Qh6 30. Qg3+ Rg4 31. Qd3 Qg5 32. Qf3 Rh4 33. g3 Rh6 34. Rf1 Qg7 35. Qxb7 Kh8 36. Qa8+ Bg8 37. Qf8 Qg5 38. Qf4 Qh5 39. Rf2 1-0

[Event "EYTCC U12 Open 2019"]
[Site "Pardubice"]
[Date "2019.07.16"]
[Round "6.15"]
[White "Hladky, Tadeas"]
[Black "Deuer, Marius"]
[Result "0-1"]
[ECO "C44"]
[WhiteElo "1638"]
[BlackElo "1881"]
[Annotator "NA"]
[PlyCount "56"]
[EventDate "2019.07.11"]
[EventType "swiss"]
[EventCountry "CZE"]
[SourceTitle "playchess.com"]
[Source "ChessBase"]
[SourceQuality "1"]
[WhiteTeam "Czech Republic"]
[BlackTeam "Germany"]
[WhiteTeamCountry "CZE"]
[BlackTeamCountry "GER"]
[TimeControl "40/5400+30:1800+30"]

1. e4 e5 2. Nf3 Nc6 3. d4 exd4 4. Nxd4 Nf6 5. Nc3 Bb4 6. Nxc6 bxc6 7. Bd3 d5 8. exd5 O-O 9. O-O cxd5 10. Bg5 c6 11. Na4 Bd6 12. c4 Be6 13. Rc1 Re8 14. f4 Rb8 15. b3 h6 16. Bh4 g5 17. f5 Bc8 18. Bf2 d4 19. c5 Bf4 20. Rc4 Be3 21. Rc2 Nd5 22. Re2 Nf4 23. Rb2 Qd5 24. Bxe3 dxe3 25. Bc4 e2 26. Rxe2 Nxe2+ 27. Bxe2 Qxd1 28. Bxd1 Ba6 0-1

[Event "EYTCC U12 Open 2019"]
[Site "Pardubice"]
[Date "2019.07.16"]
[Round "6.16"]
[White "Hagner, Bennet"]
[Black "Mohapl, Tomas"]
[Result "1-0"]
[ECO "B90"]
[WhiteElo "1831"]
[BlackElo "1585"]
[Annotator "NA"]
[PlyCount "91"]
[EventDate "2019.07.11"]
[EventType "swiss"]
[EventCountry "CZE"]
[SourceTitle "playchess.com"]
[Source "ChessBase"]
[SourceQuality "1"]
[WhiteTeam "Germany"]
[BlackTeam "Czech Republic"]
[WhiteTeamCountry "GER"]
[BlackTeamCountry "CZE"]
[TimeControl "40/5400+30:1800+30"]

1. e4 c5 2. Nf3 d6 3. d4 cxd4 4. Nxd4 Nf6 5. Nc3 a6 6. h3 e5 7. Nb3 Be6 8. f4 Qc7 9. f5 Bc4 10. Be3 Bxf1 11. Rxf1 Nbd7 12. g4 Nb6 13. Bxb6 Qxb6 14. Qf3 O-O-O 15. g5 Nd7 16. Nd5 Qc6 17. O-O-O Kb8 18. f6 Rc8 19. Rf2 gxf6 20. gxf6 Qa4 21. Nc3 Qc4 22. Qh5 Nb6 23. Kb1 Qb4 24. a3 Qc4 25. Nd2 Qc5 26. Rf3 Rc7 27. Nb3 Qc4 28. Na5 Qe6 29. Nd5 Nxd5 30. Rxd5 Rc5 31. Rxc5 dxc5 32. Rb3 b6 33. Qxe5+ Qxe5 34. Nc6+ Kc7 35. Nxe5 Rg8 36. Nxf7 b5 37. Rd3 c4 38. Rd8 Rg1+ 39. Ka2 Bc5 40. e5 Re1 41. Rh8 Kd7 42. Rxh7 Ke6 43. Ng5+ Kf5 44. Rc7 Bf8 45. Nh7 Bd6 46. exd6 1-0

[Event "EYTCC U12 Open 2019"]
[Site "Pardubice"]
[Date "2019.07.16"]
[Round "6.17"]
[White "Royal, Shreyas"]
[Black "Strybuk, Artsiom I"]
[Result "0-1"]
[ECO "D85"]
[WhiteElo "1996"]
[BlackElo "2193"]
[Annotator "NA"]
[PlyCount "90"]
[EventDate "2019.07.11"]
[EventType "swiss"]
[EventCountry "CZE"]
[SourceTitle "playchess.com"]
[Source "ChessBase"]
[SourceQuality "1"]
[WhiteTeam "England"]
[BlackTeam "Belarus"]
[WhiteTeamCountry "ENG"]
[BlackTeamCountry "BLR"]
[TimeControl "40/5400+30:1800+30"]

1. d4 Nf6 2. c4 g6 3. Nc3 d5 4. cxd5 Nxd5 5. Bd2 Bg7 6. e4 Nxc3 7. Bxc3 c5 8. d5 Bxc3+ 9. bxc3 O-O 10. Qd2 e6 11. Bc4 exd5 12. Bxd5 Nd7 13. Nf3 Nf6 14. O-O Qe7 15. Qf4 Be6 16. Rad1 Rad8 17. Rfe1 Rfe8 18. c4 b6 19. Bc6 Rxd1 20. Rxd1 Rd8 21. Rxd8+ Qxd8 22. Bd5 Qe7 23. Qb8+ Kg7 24. Qe5 Qe8 25. Bxe6 Qxe6 26. Qxe6 fxe6 27. Ng5 e5 28. f3 Ne8 29. Ne6+ Kf7 30. Nd8+ Kf6 31. Nc6 a5 32. g4 Nd6 33. g5+ Ke6 34. Kf2 Nxc4 35. Ke2 Kd7 36. Na7 Na3 37. Kd3 Kc7 38. f4 exf4 39. e5 c4+ 40. Ke4 c3 41. Kd3 c2 42. Kd2 f3 43. e6 f2 44. e7 f1=Q 45. e8=N+ Kb7 0-1

[Event "EYTCC U12 Open 2019"]
[Site "Pardubice"]
[Date "2019.07.16"]
[Round "6.18"]
[White "Navumenka, Mikhei"]
[Black "Dias, Savin"]
[Result "1/2-1/2"]
[ECO "A40"]
[WhiteElo "2196"]
[BlackElo "1840"]
[Annotator "ChessBase"]
[PlyCount "171"]
[EventDate "2019.07.11"]
[EventType "swiss"]
[EventCountry "CZE"]
[SourceTitle "playchess.com"]
[Source "ChessBase"]
[SourceQuality "1"]
[WhiteTeam "Belarus"]
[BlackTeam "England"]
[WhiteTeamCountry "BLR"]
[BlackTeamCountry "ENG"]
[TimeControl "40/5400+30:1800+30"]

1. d4 Nf6 2. c4 e6 3. g3 Bb4+ 4. Bd2 a5 5. Bg2 d6 6. Nf3 Nbd7 7. O-O e5 8. Bg5 exd4 9. Nxd4 h6 10. Bd2 Bc5 11. Bc3 O-O 12. Nd2 Re8 13. e3 Bb6 14. Qc2 Ne5 15. b3 d5 16. N4f3 Nxf3+ 17. Bxf3 d4 18. exd4 Bxd4 19. Rad1 Bxc3 20. Qxc3 Bh3 21. Rfe1 Rxe1+ 22. Rxe1 c6 23. a3 Qd7 24. c5 Rd8 25. Nc4 a4 26. bxa4 Qd3 27. Qxd3 Rxd3 28. Bh1 Rb3 29. Na5 Rb2 30. Nc4 Rb3 31. Na5 Rb2 32. Bg2 Bxg2 33. Kxg2 Ng4 34. Re8+ Kh7 35. Re7 Rxf2+ 36. Kg1 Ra2 37. Nxb7 Ra1+ 38. Kg2 Ra2+ 39. Kg1 Ra1+ 40. Kg2 Ra2+ 41. Kf1 Nxh2+ 42. Ke1 Nf3+ 43. Kd1 Rxa3 44. a5 Kg6 45. Kc1 Nd4 46. Kb2 Rxg3 47. a6 Nb5 48. Nd6 Ra3 49. Nxb5 Rxa6 50. Nd4 h5 51. Rb7 h4 52. Rb6 Ra4 53. Rxc6+ Kg5 54. Rd6 h3 55. Kb3 Ra8 56. Rd7 Kg4 57. Rxf7 g5 58. Rh7 Kg3 59. Nf5+ Kf4 60. Nd4 g4 61. c6 Kg3 62. Nf5+ Kg2 63. Rh4 g3 64. Rg4 h2 65. Nxg3 Rc8 66. Ne2+ Kh3 67. Rg3+ Kh4 68. Rg6 h1=Q 69. Rh6+ Kg5 70. Rxh1 Rxc6 71. Nd4 Rb6+ 72. Kc4 Kf4 73. Rf1+ Kg4 74. Kd5 Rb8 75. Nc6 Re8 76. Ne5+ Kg3 77. Rf3+ Kg2 78. Re3 Ra8 79. Nc6 Ra1 80. Ke4 Ra4+ 81. Nd4 Ra8 82. Kf4 Rf8+ 83. Nf5 Kf2 84. Rf3+ Ke2 85. Kg4 Rg8+ 86. Kf4 1/2-1/2

[Event "EYTCC U12 Open 2019"]
[Site "Pardubice"]
[Date "2019.07.16"]
[Round "6.19"]
[White "Merriman, James"]
[Black "Bialiauski, Artsiom"]
[Result "0-1"]
[ECO "E59"]
[WhiteElo "1808"]
[BlackElo "1784"]
[Annotator "NA"]
[PlyCount "70"]
[EventDate "2019.07.11"]
[EventType "swiss"]
[EventCountry "CZE"]
[SourceTitle "playchess.com"]
[Source "ChessBase"]
[SourceQuality "1"]
[WhiteTeam "England"]
[BlackTeam "Belarus"]
[WhiteTeamCountry "ENG"]
[BlackTeamCountry "BLR"]
[TimeControl "40/5400+30:1800+30"]

1. d4 Nf6 2. c4 e6 3. Nc3 Bb4 4. e3 O-O 5. Bd3 d5 6. Nf3 c5 7. O-O Nc6 8. a3 Bxc3 9. bxc3 dxc4 10. Bxc4 Qc7 11. Ba2 Rd8 12. Qe2 e5 13. dxe5 Nxe5 14. Nxe5 Qxe5 15. Bb2 Qe7 16. Bb1 Be6 17. c4 a6 18. Bd3 Bd7 19. e4 Bc6 20. e5 Nd7 21. Rae1 Re8 22. f4 f6 23. Qh5 g6 24. Qg4 Nf8 25. f5 Qd7 26. exf6 Rxe1 27. f7+ Qxf7 28. Rxe1 Qd7 29. Qg3 Re8 30. Rxe8 Qxe8 31. h4 Kf7 32. h5 gxf5 33. Bxf5 Qe2 34. Qc7+ Ke8 35. Bf6 Qxg2# 0-1

[Event "EYTCC U12 Open 2019"]
[Site "Pardubice"]
[Date "2019.07.16"]
[Round "6.20"]
[White "Piatrenka, Ivan"]
[Black "Thatte, Nishchal"]
[Result "1-0"]
[ECO "D34"]
[WhiteElo "1498"]
[BlackElo "1686"]
[Annotator "NA"]
[PlyCount "153"]
[EventDate "2019.07.11"]
[EventType "swiss"]
[EventCountry "CZE"]
[SourceTitle "playchess.com"]
[Source "ChessBase"]
[SourceQuality "1"]
[WhiteTeam "Belarus"]
[BlackTeam "England"]
[WhiteTeamCountry "BLR"]
[BlackTeamCountry "ENG"]
[TimeControl "40/5400+30:1800+30"]

1. d4 d5 2. c4 e6 3. Nc3 c5 4. cxd5 exd5 5. Nf3 Nc6 6. g3 Nf6 7. Bg2 Be7 8. O-O O-O 9. Bg5 c4 10. Ne5 Be6 11. Bxf6 Bxf6 12. Nxc6 bxc6 13. Qd2 Qb6 14. Rfd1 Rab8 15. Rab1 Rfd8 16. b3 cxb3 17. Rxb3 Qa5 18. Rdb1 Qc7 19. Na4 Bf5 20. Rc1 Rxb3 21. axb3 Qd6 22. Nc5 Re8 23. e3 g6 24. Nd3 Bxd3 25. Qxd3 Rb8 26. Qc3 Rc8 27. Qc5 Be7 28. Qxd6 Bxd6 29. Bxd5 c5 30. b4 c4 31. Bxc4 Rc7 32. b5 Kf8 33. Kf1 Ke7 34. Ke2 f6 35. Rc2 Bb4 36. Bd3 Rxc2+ 37. Bxc2 Kd6 38. f3 Kd5 39. g4 Kc4 40. Bd3+ Kd5 41. Be4+ Ke6 42. Kd3 Bd6 43. h3 Bg3 44. Bb7 Kd6 45. Bc8 Kc7 46. Be6 Kd6 47. Bb3 Be1 48. f4 Bg3 49. Ke4 Bf2 50. Kf3 Bg1 51. h4 h6 52. Bf7 g5 53. fxg5 fxg5 54. h5 Ke7 55. Bb3 Kf6 56. Ke4 Bf2 57. Kd3 Ke7 58. e4 Bg3 59. e5 Kd7 60. Ke4 Bf2 61. d5 Bc5 62. d6 Bxd6 63. exd6 Kxd6 64. Kf5 Kd7 65. Kg6 Ke7 66. Kxh6 Kf6 67. Ba2 Ke5 68. Kxg5 Ke4 69. h6 Kf3 70. h7 Kg2 71. Kf4 Kf2 72. h8=Q Ke2 73. Bc4+ Kd2 74. Qb2+ Kd1 75. Be2+ Ke1 76. Ke3 a5 77. Qa1# 1-0

[Event "EYTCC U12 Open 2019"]
[Site "Pardubice"]
[Date "2019.07.16"]
[Round "6.21"]
[White "Smolik, Jachym"]
[Black "Herega, Nejc"]
[Result "1-0"]
[ECO "B52"]
[WhiteElo "1757"]
[BlackElo "1939"]
[Annotator "NA"]
[PlyCount "69"]
[EventDate "2019.07.11"]
[EventType "swiss"]
[EventCountry "CZE"]
[SourceTitle "playchess.com"]
[Source "ChessBase"]
[SourceQuality "1"]
[WhiteTeam "Czech Republic"]
[BlackTeam "Slovenia"]
[WhiteTeamCountry "CZE"]
[BlackTeamCountry "SLO"]
[TimeControl "40/5400+30:1800+30"]

1. e4 c5 2. Nf3 d6 3. Bb5+ Bd7 4. c4 Bxb5 5. cxb5 Nd7 6. O-O Ngf6 7. Nc3 g6 8. d4 cxd4 9. Nxd4 Bg7 10. Be3 O-O 11. f3 Ne5 12. Qb3 Nfd7 13. a4 Rc8 14. Qa2 e6 15. Rfd1 Qh4 16. Bf2 Qe7 17. Nde2 Nc5 18. Rab1 f5 19. exf5 gxf5 20. Kh1 Kh8 21. b4 Ncd7 22. Rb3 Nc4 23. Nb1 Qg5 24. f4 Qh5 25. Rh3 Qf7 26. Nd2 Nxd2 27. Qxd2 Nf6 28. Ng3 Nd5 29. Nh5 Rc4 30. Nxg7 Qxg7 31. Bd4 e5 32. fxe5 dxe5 33. Bc5 Rd8 34. Rd3 Qf7 35. Rxd5 1-0